 Dungeon Crawl Stone Soup version 0.30-a0-459-g9104f0fc43 (webtiles) character file.

Game seed: 5150990653540945186

12285 ytrimaz the Thaumaturge (level 12, -1/86 HPs)
             Began as a Djinni Fire Elementalist on Dec 15, 2022.
             Was a Follower of Ashenzari.
             Slain by a seven-headed hydra (10 damage)
             ... on level 12 of the Dungeon.
             The game lasted 00:19:39 (13264 turns).

ytrimaz the Thaumaturge (Djinni Fire Elementalist) Turns: 13264, Time: 00:19:40

Health: -1/86      AC:  8    Str:  7    XL:     12   Next: 18%
Gold:   1825       EV: 15    Int: 21    God:    Ashenzari [*.....] SH:  0 Dex: 18

rFire   + + .      SeeInvis +    (no weapon)
rCold   . . .      Faith    .    (no shield)
rNeg    . . .      Spirit   .    w - +0 acid dragon scales
rPois   ∞          Reflect  .    r - +0 helmet "Gaze Upon Infinity" {SInv, Fort, Evo} (curse)
rElec   .          Harm     .    (no cloak)
rCorr   +          Rampage  .    o - +0 pair of gloves of Curses and Power {Dex+3, Evo, Melee} (curse)
Will    +....                    (boots unavailable)
Stlth   ++........               e - amulet of the acrobat
HPRegen 0.34/turn                n - ring of resist corrosion
MPRegen 0.00/turn                a - ring of protection from cold

@: flying
A: sickness immunity, fire resistance 2, cold vulnerability 1, float, innate
caster, HP casting, extra vitality 1
a: Renounce Religion, Shatter the Chains


You were on level 12 of the Dungeon.
You worshipped Ashenzari.
Ashenzari was aware of your devotion.
You visited 2 branches of the dungeon, and saw 13 of its levels.

You collected 1825 gold pieces.


Innate Abilities, Weirdness & Mutations

You are immune to sickness and miasma.
You are immune to poison.
Your flesh is very heat resistant. (rF++)
You are vulnerable to cold. (rC-)
You float through the air rather than walking.
You learn spells naturally, not from books.
Your magical power is your life essence.
You have superior vitality. (+4 MHP)


   Skills:
 + Level 7.7 Fighting
 + Level 8.9 Dodging
 - Level 1.5 Stealth
 - Level 12.0 Spellcasting


You had 8 spell levels left.
You knew the following spells:

 Your Spells              Type           Power      Damage    Failure   Level
a - Lee's Rapid Deconstr  Erth           29%        3d15*     1%          5
b - Tukima's Dance        Hex            58%        N/A       1%          3
c - Kindle Blastsparks    Fire/Tloc/Air  100%       2d18      1%          3
d - Flame Wave            Conj/Fire      58%        2d14      1%          4
e - Inner Flame           Hex/Fire       58%        N/A       1%          3
f - Slow                  Hex            100%       N/A       1%          1
g - Static Discharge      Conj/Air       100%       2-7/arc   1%          2
h - Scorch                Fire           100%       2d10      1%          2
i - Frozen Ramparts       Ice            100%       1d16      1%          3
j - Foxfire               Conj/Fire      100%       2x1d9     1%          1
Your spell library was empty.

Inventory:

Hand Weapons
 i - a +7 eveningstar
   (You took it off Urug on level 11 of the Dungeon)
Armour
 k - a +0 helmet
   (You found it on level 3 of the Dungeon)
 o - the cursed +0 pair of gloves of Curses and Power (worn) {Dex+3, Evo, Melee}
   (You found it on level 3 of the Dungeon)

   It has a curse which improves the following skills: Evocations: Evocations.
   Melee Combat: Short Blades, Long Blades, Axes, Maces & Flails, Polearms,
   Staves and Unarmed Combat.
 p - a +2 robe of fire resistance
   (You took it off Sigmund on level 4 of the Dungeon)
 r - the cursed +0 helmet "Gaze Upon Infinity" (worn) {SInv, Fort, Evo}
   (You found it on level 6 of the Dungeon)

   It has a curse which improves the following skills: Fortitude: Armour and
   Shields.
   Evocations: Evocations.
 w - +0 acid dragon scales (worn)
   (You found it on level 9 of the Dungeon)
Jewellery
 a - a ring of protection from cold (right hand)
   (You found it on level 5 of the Dungeon)
 e - an amulet of the acrobat (around neck)
   (You found it on level 2 of the Dungeon)
 n - a ring of resist corrosion (left hand)
   (You found it on level 3 of the Dungeon)
 s - a ring of ice
   (You took it off Lodul on level 11 of the Dungeon)
 v - a +4 ring of protection
   (You found it on level 8 of the Dungeon)
 y - a +4 ring of protection
   (You found it on level 9 of the Dungeon)
Wands
 b - a wand of paralysis (9)
   (You found it on level 5 of the Dungeon)
 l - a wand of mindburst (23)
   (You found it on level 6 of the Dungeon)
 u - a wand of flame (13)
   (You found it on level 8 of the Dungeon)
Scrolls
 g - 2 scrolls of teleportation
 t - a scroll of blinking
 x - 2 scrolls of magic mapping
 A - a scroll of fear
Potions
 c - 2 potions of cancellation
 d - 3 potions of lignification
 f - 2 potions of brilliance
 h - a potion of haste
 j - a potion of ambrosia
 m - 3 potions of curing
 q - 3 potions of heal wounds
 z - a potion of resistance

Dungeon Overview and Level Annotations

Branches:
Dungeon (12/15) Zot: 26815  Temple (1/1) D:5 Zot: 5899    Lair (0/5) D:11
    Orc: D:9-12

Altars:
Ashenzari
Cheibriados
Dithmenos
Elyvilon
Fedhas
Gozag
Hepliaklqana
Makhleb
Nemelex Xobeh
Okawaru
Qazlal
Ru
Trog
Uskayaw
Wu Jian
Xom
Yredelemnul
Zin
The Shining One

#........#
+........#
#........#
#.#......#
#....###.#
##........#
#.........#
#.##..###.#
#.@.......#
#####D........#
..####.........#...#
...................#
.......#..##.......#
J..................#
...................#
.....^....##...###.#
..##...#... ...#


You could see a seven-headed hydra.


Message History

😕 HP[-8]
You take 8 damage, and now have 78/86 hp.
The acid dragon completely misses you. The acid dragon misses you.
Casting: Flame Wave (mildly dangerous; 1% risk of failure)
Confirm with . or Enter, or press ? or * to list all spells.
Casting: Flame Wave (mildly dangerous; 1% risk of failure)
Press: ? - help, Dir - look around, f - activate A wave of flame ripples out!
The flame wave engulfs the acid dragon! (Press . to intensify the flame waves.)
The acid dragon bites you. The acid dragon claws you.
A wave of flame ripples out!
The flame wave engulfs the acid dragon!
The acid dragon bites you but does no damage.
The acid dragon completely misses you. 😕 HP[-8]
You take 8 damage, and now have 70/86 hp.
A wave of flame ripples out!
The flame wave engulfs the acid dragon!
You kill the acid dragon!
You finish channelling waves of flame.
You hear a roar! 😕 HP[-1]
You take 1 damage, and now have 69/86 hp.
Casting: Flame Wave (mildly dangerous; 1% risk of failure)
Confirm with . or Enter, or press ? or * to list all spells.
You can't see any susceptible monsters within range! (Use Z to cast anyway.) Unknown command.
Unknown command. 😕 HP[+1] 😕 HP[+1]
A seven-headed hydra comes into view.
A slime creature comes into view.
You are no longer corroded.
The slime creature moves out of view. 😕 HP[+1]
A slime creature comes into view. 😕 HP[+1]
Casting: Flame Wave (mildly dangerous; 1% risk of failure)
Confirm with . or Enter, or press ? or * to list all spells.
A cloud of volatile blastsparks flares up around you! 😕 HP[-3]
You take 3 damage, and now have 70/86 hp.
Unknown command.
The cloud of blastsparks explodes!
The concussive blast engulfs the seven-headed hydra!!
You hear a shout! x3 😕 HP[+1]
Casting: Kindle Blastsparks (safe; 1% risk of failure)
Confirm with . or Enter, or press ? or * to list all spells.
Casting: Flame Wave (mildly dangerous; 1% risk of failure)
Press: ? - help, Dir - look around, f - activate A wave of flame ripples out! (Press . to intensify the flame waves.) 😕 HP[-4]
You take 4 damage, and now have 67/86 hp.
A wave of flame ripples out!
The flame wave engulfs the seven-headed hydra!
The seven-headed hydra misses you.
The seven-headed hydra completely misses you.
The seven-headed hydra bites you!
The seven-headed hydra barely misses you.
The seven-headed hydra completely misses you.
The seven-headed hydra bites you!
The seven-headed hydra barely misses you. 😮 HP[-21]
You take 21 damage, and now have 46/86 hp.
MASSIVE DAMAGE!! (PAUSE)
A wave of flame ripples out!
The flame wave engulfs the seven-headed hydra!
You finish channelling waves of flame.
You hear a shout! x2
The seven-headed hydra bites you!
* * * LOW HITPOINT WARNING * * *
The seven-headed hydra misses you.
The seven-headed hydra completely misses you.
The seven-headed hydra bites you!
* * * LOW HITPOINT WARNING * * *
The seven-headed hydra completely misses you.
The seven-headed hydra bites you.
* * * LOW HITPOINT WARNING * * *
The seven-headed hydra completely misses you.
The seven-headed hydra closely misses you.
The seven-headed hydra barely misses you.
The seven-headed hydra closely misses you. x2
The seven-headed hydra bites you.
* * * LOW HITPOINT WARNING * * *
The seven-headed hydra completely misses you. x2 😱 HP[-30]
You take 30 damage, and now have 16/86 hp.
MASSIVE DAMAGE!! (PAUSE)
Casting: Flame Wave (mildly dangerous; 1% risk of failure)
Confirm with . or Enter, or press ? or * to list all spells.
Casting: Flame Wave (mildly dangerous; 1% risk of failure)
Press: ? - help, Dir - look around, f - activate A wave of flame ripples out!
The flame wave engulfs the seven-headed hydra!! (Press . to intensify the flame waves.)
* * * LOW HITPOINT WARNING * * *
The seven-headed hydra misses you. The seven-headed hydra bites you.
* * * LOW HITPOINT WARNING * * *
The seven-headed hydra bites you!
You die...

Skill      XL: |  1  2  3  4  5  6  7  8  9 10 11 |
---------------+----------------------------------+-----
Spellcasting   | 3 4 5 6 8 10 12 | 12.0
Fighting       | 2 7 |  7.7
Dodging        | 3 8 |  8.9
Stealth        | |  1.5

Action                   |  1- 3 |  4- 6 |  7- 9 | 10-12 || total
-------------------------+-------+-------+-------+-------++-------
Melee: Unarmed           |     1 |       |     2 |       ||     3
 Cast: Foxfire           |   103 |    86 |    70 |    47 ||   306
       Flame Wave        |       |     5 |    27 |    80 ||   112
       Kindle Blastspark |       |       |     7 |    34 ||    41
       Tukima's Dance    |       |       |    11 |    21 ||    32
       Inner Flame       |       |       |     2 |     3 ||     5
       Scorch            |       |       |     1 |     1 ||     2
       Lee's Rapid Decon |       |       |       |     9 ||     9
       Slow              |       |       |       |     2 ||     2
Invok: Curse Item        |       |       |     1 |     1 ||     2
Evoke: Wand              |       |       |     2 |       ||     2
  Use: Scroll            |       |     7 |     4 |     8 ||    19
       Potion            |       |       |     2 |     1 ||     3
Armor: Robe              |     2 |     3 |     9 |     8 ||    22
       Acid dragon scale |       |       |       |    18 ||    18
Dodge: Dodged            |    14 |    14 |    54 |   160 ||   242

Levels and vault maps discovered:
D:1:      dpeg_arrival_stonehenge_12_columns, layout_loops_ring
D:2:      layout_rooms, serial_aquarium, aquarium_bridge_straight
          [aquarium_subvault_bridge, aquarium_subvault_window,
          aquarium_subvault_bridge, aquarium_subvault_wall], aquarium_window_3,
          aquarium_window_fake, aquarium_window_fake, aquarium_view_2c,
          aquarium_view_2a, aquarium_balcony_3a, aquarium_pool_1,
          shapermc_ecumenical_altar_mp_vishouse
D:3:      wad_river_or_something, layout_basic
D:4:      layout_rooms, mainiacjoe_overflow_catch_the_wave,
          kennysheep_little_box, uniq_duvessa, uniq_blork_the_orc, uniq_sigmund,
          uniq_pikel
D:5:      layout_layer_cave, mainiacjoe_overflow_small_starburst,
          lemuel_crystal_altar, mainiacjoe_overflow_boulevard,
          minmay_temple_entry_glass, kennysheep_generic_room_12
D:6:      layout_loops_ring, nicolae_uskayaw_murder_on_the_dancefloor,
          grunt_decor_clamped, minivault_19, minmay_crystal_water,
          uniq_menkaure, uniq_eustachio
D:7:      layout_basic, makhleb_blood_cavern_becter, amcnicky_altar_gilded,
          minmay_chambers_of_fives
D:8:      layout_loops_ring
D:9:      layout_cave_pools, nicolae_yredelemnul_corpse_copse,
          nemelex_xobeh_ov_fountains_minmay, serial_rivers,
          chequers_serial_rivers_small_b, chequers_serial_rivers_large_b,
          chequers_serial_rivers_room_a, chequers_serial_rivers_large_a,
          corexii_corridor_pit, introduction_to_nature_2
D:10:     layout_cave_pools, mainiacjoe_overflow_tiny_flanked
D:11:     layout_loops_ring, grunt_lair_entry_orc_guard_hut,
          nicolae_straight_to_the_point, uniq_urug, uniq_lodul
D:12:     layout_stronghold, kennysheep_orc_monster_closet_entryway,
          portal_ice_cave_entry_pillars_1, laboratory
Temple:   nicolae_temple_two_arcs

Notes
Turn   | Place    | Note
-------+----------+-------------------------------------------
     0 | D:1      | ytrimaz the Djinni Fire Elementalist began the quest for
                  | the Orb.
     0 | D:1      | ytrimaz set off with the following spells memorised:
                  | Foxfire, Scorch, Kindle Blastsparks, Inner Flame, Flame
                  | Wave.
     0 | D:1      | Reached XP level 1. HP: 15/15 MP: 0/0
     0 | D:1      | magus.rc [v1.9.6]
   160 | D:1      | Reached XP level 2. HP: 17/21 MP: 0/0
   512 | D:1      | Reached skill level 3 in Spellcasting
   675 | D:1      | HP: 4/21 [quokka (2)]
   965 | D:2      | Reached XP level 3. HP: 22/25 MP: 0/0
   965 | D:2      | Learned a level 1 spell: Slow
  1231 | D:2      | Found a faded altar of an unknown god.
  1288 | D:2      | Reached XP level 4. HP: 25/31 MP: 0/0
  1469 | D:2      | Noticed a scorpion
  1487 | D:2      | Killed a scorpion
  1488 | D:2      | Reached skill level 4 in Spellcasting
  1488 | D:2      | Reached XP level 5. HP: 10/35 MP: 0/0
  1488 | D:2      | Learned a level 2 spell: Static Discharge
  1730 | D:2      | Identified a scroll of acquirement
  1808 | D:3      | Noticed an ice beast
  1813 | D:3      | HP: 7/35 [ice beast (13)]
  1814 | D:3      | Killed an ice beast
  1815 | D:3      | Reached XP level 6. HP: 8/40 MP: 0/0
  1962 | D:3      | Acquired 321 gold pieces
  2147 | D:3      | Reached skill level 5 in Spellcasting
  2764 | D:4      | Noticed Blork the orc
  2769 | D:4      | Killed Blork the orc
  2880 | D:4      | Noticed an ogre
  2883 | D:4      | Reached XP level 7. HP: 25/45 MP: 0/0
  2883 | D:4      | Learned a level 3 spell: Tukima's Dance
  2896 | D:4      | Reached skill level 6 in Spellcasting
  2961 | D:4      | Noticed Duvessa
  2967 | D:4      | Noticed Dowan
  2969 | D:4      | HP: 8/45 [Duvessa (3)]
  3289 | D:4      | Noticed Sigmund
  3352 | D:4      | HP: 10/45 [Dowan/+0 dagger (3)]
  3357 | D:4      | HP: 7/45 [Duvessa/stone (1)]
  3365 | D:4      | Killed Dowan
  3369 | D:4      | Killed Duvessa
  3371 | D:4      | HP: 9/45 [gnoll/+0 spear (3)]
  3594 | D:4      | Reached XP level 8. HP: 39/50 MP: 0/0
  3715 | D:4      | Noticed Pikel
  3818 | D:4      | Found a snail-covered altar of Cheibriados.
  3912 | D:4      | Killed Sigmund
  3913 | D:4      | Reached skill level 7 in Spellcasting
  3922 | D:4      | HP: 8/50 [shot self (7)]
  3927 | D:4      | Killed Pikel
  3928 | D:4      | Reached skill level 8 in Spellcasting
  4214 | D:4      | Found an iron altar of Okawaru.
  4383 | D:5      | Entered Level 5 of the Dungeon
  4411 | D:5      | Found a staircase to the Ecumenical Temple.
  4574 | Temple   | Entered the Ecumenical Temple
  4713 | D:5      | Reached XP level 9. HP: 52/55 MP: 0/0
  4713 | D:5      | Learned a level 3 spell: Frozen Ramparts
  4723 | D:5      | Found a broken altar of Ashenzari.
  4802 | D:5      | Became a worshipper of Ashenzari the Shackled
  4854 | D:5      | Reached skill level 9 in Spellcasting
  4854 | D:5      | HP: 7/55 [yak (15)]
  4864 | D:5      | Found a sacrificial altar of Ru.
  5514 | D:6      | Found a hide-covered altar of Uskayaw.
  5784 | D:6      | Noticed Menkaure
  5791 | D:6      | Killed Menkaure
  5800 | D:6      | Reached skill level 10 in Spellcasting
  6232 | D:6      | Noticed Eustachio
  6242 | D:6      | Killed Eustachio
  6252 | D:6      | Reached XP level 10. HP: 19/60 MP: 0/0
  6776 | D:7      | Found a bloodstained altar of Trog.
  6840 | D:7      | Reached skill level 11 in Spellcasting
  7236 | D:7      | Found a burning altar of Makhleb.
  8195 | D:8      | HP: 13/60 [killer bee (5)]
  8798 | D:9      | Reached skill level 12 in Spellcasting
  8802 | D:9      | Reached skill level 1 in Fighting
  8805 | D:9      | Reached skill level 3 in Dodging
  8907 | D:9      | Found a sparkling altar of Nemelex Xobeh.
  9081 | D:9      | Reached skill level 2 in Fighting
  9081 | D:9      | Reached XP level 11. HP: 36/69 MP: 0/0
  9081 | D:9      | Learned a level 5 spell: Lee's Rapid Deconstruction
  9232 | D:9      | Found a basalt altar of Yredelemnul.
  9488 | D:9      | Noticed a manticore
  9489 | D:9      | Identified the +6 long sword "Zeahea Vimo" {vorpal, Fly rN+
                  | Stlth+}
  9500 | D:9      | Killed a manticore
  9501 | D:9      | Reached skill level 3 in Fighting
  9501 | D:9      | Reached skill level 4 in Dodging
  9853 | D:9      | HP: 16/72 [cloud of flame (4)]
  9854 | D:9      | Reached skill level 5 in Dodging
 10206 | D:9      | Acquired 650 gold pieces
 10226 | D:10     | Entered Level 10 of the Dungeon
 10257 | D:10     | Found a hazy altar of Hepliaklqana.
 10287 | D:10     | Reached skill level 4 in Fighting
 10307 | D:10     | HP: 11/74 [troll (5)]
 10540 | D:10     | Reached skill level 6 in Dodging
 10541 | D:10     | Reached skill level 5 in Fighting
 10943 | D:11     | Noticed Urug
 10948 | D:11     | Noticed a manticore
 11441 | D:11     | HP: 19/76 [Urug/javelin (11)]
 11445 | D:11     | Killed Urug
 11446 | D:11     | Reached skill level 7 in Dodging
 11651 | D:11     | Reached skill level 6 in Fighting
 11805 | D:11     | Found a staircase to the Lair.
 12040 | D:11     | Reached * piety under Ashenzari
 12045 | D:11     | Identified the +5 short sword of Xifuirr {drain, Stlth+}
 12083 | D:11     | Killed a manticore
 12155 | D:11     | Noticed a cyan ugly thing
 12172 | D:11     | Killed a cyan ugly thing
 12182 | D:11     | Noticed a two-headed ogre
 12203 | D:11     | Killed a two-headed ogre
 12204 | D:11     | Reached skill level 7 in Fighting
 12204 | D:11     | Reached skill level 8 in Dodging
 12204 | D:11     | Reached XP level 12. HP: 21/85 MP: 0/0
 12398 | D:11     | Noticed Lodul
 12414 | D:11     | Killed Lodul
 13252 | D:12     | Noticed a seven-headed hydra
 13262 | D:12     | HP: 17/86 [seven-headed hydra (6)]
 13264 | D:12     | Slain by a seven-headed hydra

Vanquished Creatures
  A two-headed ogre (D:11)
  Urug (D:11)
  Lodul (D:11)
  Pikel (D:4)
  2 manticores
  An ugly thing (D:11)
  2 gargoyles
  An unseen horror zombie (D:9)
  2 trolls (D:10)
  A vampire (D:11)
  Eustachio (D:6)
  A wraith (D:11)
  8 yaks
  A steam dragon (D:9)
  Menkaure (D:6)
  5 acid dragons
  3 water moccasins
  Duvessa (D:4)
  An orc warrior (D:11)
  3 sky beasts
  4 black bears
  3 ice beasts
  5 ogres
  3 centaurs
  A kobold brigand (D:7)
  Blork the orc (D:4)
  3 bullfrogs (D:8)
  A necrophage (D:4)
  A gnoll sergeant (D:10)
  3 scorpions
  10 wights (D:7)
  Dowan (D:4)
  9 killer bees
  2 oklob saplings (D:9)
  6 howler monkeys
  A jelly (D:8)
  4 hounds
  6 centaur zombies (D:9)
  An orc priest (D:10)
  An iguana (D:7)
  2 orc wizards
  2 howler monkey zombies (D:9)
  6 gnolls
  14 adders
  A shadow imp (D:6)
  2 white imps
  5 worms
  A dart slug (D:4)
  12 orcs
  13 ball pythons
  2 bats
  An endoplasm (D:1)
  2 giant cockroaches
  8 goblins
  6 hobgoblins
  2 jackals (D:5)
  11 kobolds
  3 quokkas
  6 frilled lizards
  4 rats
  A bush (D:5)
208 creatures vanquished.

Vanquished Creatures (collateral kills)
  Sigmund (D:4)
  3 ogres
  3 centaurs
  5 foxfires (D:5)
12 creatures vanquished.

Vanquished Creatures (others)
  4 dancing weapons
  472 foxfires
  19 fungi (D:11)
  24 plants
519 creatures vanquished.

Grand Total: 739 creatures vanquished

Table legend:
 A = Non-vault XP
 B = Vault XP
 C = Vault XP percentage of total XP
 D = Non-vault monster count
 E = Vault monster count
 F = Vault count percentage of total count
                 A         B        C        D         E       F
            +---------+---------+-------+---------+---------+-------
      Total |   11667 |    5884 |  33.5 |     156 |      58 |  27.1
            +---------+---------+-------+---------+---------+-------
        D:1 |      26 |       0 |   0.0 |      17 |       0 |   0.0
        D:2 |     136 |       0 |   0.0 |      15 |       0 |   0.0
        D:3 |     184 |      30 |  14.0 |      11 |       9 |  45.0
        D:4 |     356 |    1212 |  77.3 |      16 |       5 |  23.8
        D:5 |    1035 |       0 |   0.0 |      18 |       0 |   0.0
        D:6 |     563 |     371 |  39.7 |       8 |       2 |  20.0
        D:7 |    1660 |     219 |  11.7 |      21 |       5 |  19.2
        D:8 |    1013 |       0 |   0.0 |      16 |       0 |   0.0
        D:9 |    1182 |    1173 |  49.8 |       8 |      25 |  75.8
       D:10 |    1790 |       0 |   0.0 |      14 |       0 |   0.0
       D:11 |    3198 |    2879 |  47.4 |      10 |      12 |  54.5
       D:12 |     524 |       0 |   0.0 |       2 |       0 |   0.0
            +---------+---------+-------+---------+---------+-------

Illustrated notes

Table legend:
 A = Kills in this place as a percentage of kills in entire the game.
 B = Kills by you in this place as a percentage of kills by you in the entire game.
 C = Kills by friends in this place as a percentage of kills by friends in the entire game.
 D = Other kills in this place as a percentage of other kills in the entire game.
 E = Experience gained in this place as a percentage of experience gained in the entire game.
 F = Experience gained in this place divided by the number of levels of this place that you have seen.
                   A       B       C       D       E      F
               +-------+-------+-------+-------+-------+----------------------
         Total | 100.0 | 100.0 | 100.0 |   N/A | 100.0 | 1350.1
       Dungeon | 100.0 | 100.0 | 100.0 |   N/A | 100.0 | 1462.6
               +-------+-------+-------+-------+-------+----------------------

Table legend: (Time is in decaauts)
 A = Elapsed time spent in this place.
 B = Non-inter-level travel time spent in this place.
 C = Inter-level travel time spent in this place.
 D = Time resting spent in this place.
 E = Time spent auto-exploring this place.
 F = Levels seen in this place.
 G = Mean time per level.
                   A        B        C        D        E       F      G
               +--------+--------+--------+--------+--------+-----+--------+
         Total |  13265 |  12804 |    461 |   1343 |   9666 |  13 | 1020.4 |
       Dungeon |  13164 |  12717 |    447 |   1343 |   9589 |  12 | 1097.0 |
        Temple |    100 |     86 |     14 |      0 |     77 |   1 |  100.0 |
               +--------+--------+--------+--------+--------+-----+--------+

Top non-repeatable levels by time:
    D:11: 1865 daAuts
     D:3: 1655 daAuts
     D:9: 1500 daAuts
     D:8: 1200 daAuts
     D:4: 1173 daAuts
     D:7: 1044 daAuts
    D:10: 988 daAuts
     D:6: 964 daAuts
     D:1: 909 daAuts
     D:5: 845 daAuts
     D:2: 832 daAuts
    D:12: 183 daAuts
  Temple: 100 daAuts
